General information
- name: BNet
- type: Ladder 1vs1/FFA
- host: Battle.net
- saver:
map: TirisfalGlades
- players: 2
- length: 04:53
- speed: Fast
- version: 1.24 W3XP
- replay type: Public
» download(12 KB)
Players
team 1 (winner)

»
jokerz (
green | 1060 APM | 5022 actions | 04:44)
» actions
| Basic commands | 1 | |
| Enter build submenu | 1 | |
| Select / deselect | 4 | |
| Use ability | 5016 | |
5022 total
» buildings
» build order
00:04 Ziggurat
00:05 Ziggurat
00:05 Ziggurat
00:05 Ziggurat
00:05 Ziggurat
00:06 Ziggurat
00:06 Ziggurat
00:06 Ziggurat
00:06 Ziggurat
00:07 Ziggurat
00:07 Ziggurat
00:07 Ziggurat
00:07 Ziggurat
00:08 Ziggurat
00:08 Ziggurat
00:08 Ziggurat
00:08 Ziggurat
00:09 Ziggurat
00:09 Ziggurat
team 2 (loser)
MintThaiTea (
orange | 35 APM | 170 actions | 04:53)
1 Goblin Alchemist
1 Acid Bomb
» actions
| Assign group hotkey | 11 | |
| Basic commands | 10 | |
| Build / train | 18 | |
| ESC pressed | 2 | |
| Enter build submenu | 12 | |
| Enter hero's abilities submenu | 1 | |
| Right click | 49 | |
| Select / deselect | 43 | |
| Select group hotkey | 8 | |
| Use ability | 16 | |
170 total
» units
» buildings
| Barracks | 1 | |
| Farm | 6 | |
| Altar of Kings | 1 | |
| Scout Tower | 1 | |
| Lumber Mill | 1 | |
| Arcane Tower | 1 | |
11 total
» build order
00:48 Barracks
00:54 Farm
00:55 Farm
00:59 Farm
01:00 Farm
01:07 Altar of Kings
02:31 Scout Tower
02:48 Lumber Mill
04:21 Farm
04:21 Farm
04:23 Arcane Tower
Chat log
(00:08 / All) MintThaiTea: nice
(01:13 / All) MintThaiTea: this has to be just as hard on your comp as mine
(01:38 / All) jokerz: hwo do you get the anti hack plz tell me i got dorp hakc but not anti --< plz say^
(01:48 / All) MintThaiTea: you actually expect me to answer?
(01:52 / All) MintThaiTea: lol
(01:58 / All) jokerz: yes plz!!!!!!!!!!!!!!!!!!!!!!!!!!!!!
(02:06 / All) MintThaiTea: how about you actually play
(02:14 / All) jokerz: i do
(02:19 / All) MintThaiTea: no play legit
(02:20 / All) jokerz: im trying to get 150 icon
(02:26 / All) MintThaiTea: why
(02:36 / All) MintThaiTea: an icon is meaningless if you dont earn it
(02:58 / All) jokerz: i earned it untel 134 victories then the rest hacked im missing 2 victories ..
(03:02 / All) MintThaiTea: rofl
(03:03 / All) MintThaiTea: sure
(03:11 / All) jokerz: i swear
(03:11 / All) MintThaiTea: dude if youre gonna cheat, WIN!
(03:16 / All) jokerz: lolz
(03:20 / All) jokerz: u got anti-hack
(03:24 / All) MintThaiTea: no
(03:25 / All) jokerz: impossibl to win
(03:26 / All) MintThaiTea: im just not stupid
(03:38 / All) MintThaiTea: i dont download programs written by others
(03:40 / All) jokerz: ist impossible the only thing is anti-hack against dorp hack
(03:51 / All) MintThaiTea: no i just turned down the process priority
(03:58 / All) MintThaiTea: manually
(04:01 / All) jokerz: how the fuck u do that
(04:07 / All) MintThaiTea: learn how to use a computer
(04:12 / All) MintThaiTea: before you start cheating to win
(04:30 / All) MintThaiTea: fucking trash
(04:41 / All) jokerz: no ur a fag atleats pft wow